 Dungeon Crawl Stone Soup version 0.22-a0-322-g60b3cfd (webtiles) character file.

39 Kairos the Charmwright (level 3, 0/28 HPs)
             Began as a Barachi Skald on Apr 5, 2018.
             Slain by an adder (3 damage)
             ... on level 2 of the Dungeon.
             The game lasted 00:02:28 (1516 turns).

Kairos the Charmwright (Barachi Skald)              Turns: 1516, Time: 00:02:29

Health: 0/28       AC:  5    Str: 12    XL:     3   Next: 47%
Magic:  6/6        EV: 12    Int: 13    God:
Gold:   22         SH:  0    Dex: 12    Spells: 5/6 levels left

rFire    . . .     SeeInvis .   a - +0 mace
rCold    . . .     Gourm    .   (no shield)
rNeg     . . .     Faith    .   b - +0 leather armour
rPois    .         Spirit   .   (no helmet)
rElec    .         Reflect  .   (no cloak)
rCorr    .         Harm     .   h - +1 pair of gloves
MR       .....                  (no boots)
Stlth    +.........             (no amulet)
HPRegen  0.09/turn              (no ring)
MPRegen  0.10/turn              (no ring)

@: lethally poisoned (0 -> -5), slow
A: +LOS, swims, slowness 1, strong legs 1
a: Hop


You were on level 2 of the Dungeon.
You were not hungry.

You visited 1 branch of the dungeon, and saw 2 of its levels.

You collected 22 gold pieces.

Inventory:

Hand Weapons
 a - a +0 mace (weapon)
Armour
 b - a +0 leather armour (worn)
 h - a +1 pair of gloves (worn)
Jewellery
 d - an uncursed ring of protection from fire {unknown}
Scrolls
 e - 2 scrolls of remove curse {unknown}
 f - a scroll of magic mapping {unknown}
 g - a scroll of enchant weapon {unknown}
 i - a scroll of enchant armour {unknown}
 j - 2 scrolls of identify {unknown}
 k - 2 scrolls of fear {unknown}
 m - a scroll of random uselessness {unknown}
Potions
 c - a potion of might {unknown}
 l - a potion of cancellation {unknown}


   Skills:
 + Level 2.7 Fighting
 + Level 2.8 Maces & Flails
 + Level 1.5 Armour
 + Level 3.0 Dodging
 + Level 2.3 Spellcasting
 + Level 3.5 Charms


You had 5 spell levels left.
You knew the following spells:

 Your Spells              Type           Power        Failure   Level  Hunger
a - Infusion              Chrm           ##..         8%          1    #......


Dungeon Overview and Level Annotations

Branches:
Dungeon (2/15)

Altars:


Innate Abilities, Weirdness & Mutations

Shadows flee at your approach. (+LOS)
You can swim through water.
You cover ground slowly.
You can hop short distances.


Message History

The adder bites you but does no damage.
Your leather armour prevents you from hitting the adder.
The adder is moderately wounded.
The adder bites you but does no damage. x2
You closely miss the adder.
The adder is lightly wounded.
The adder bites you.
* * * LOW HITPOINT WARNING * * *
The adder bites you but does no damage.
You miss the adder.
The adder is lightly wounded.
The adder bites you.
* * * LOW HITPOINT WARNING * * *
You are lethally poisoned!
The adder poisons you!
You closely miss the adder.
The adder is lightly wounded.
* * * LOW HITPOINT WARNING * * *
You feel sick. The adder bites you.
You die...

..........
.........##
...........
..........
..........
.).......########
........g........
#######.#+###...
#...@Sg.........
#####.#####.#.###...
#...........).###
#.###>.((.(.....+
#.....(...#.#####
#####.###.#.#
#........<#.#
#.###.###.#.. #.#
#.# #....


You could see an adder and a hobgoblin.

Vanquished Creatures
  3 dart slugs
  A leopard gecko (D:1)
  2 giant cockroaches (D:1)
  2 goblins
  4 hobgoblins
  3 jackals (D:1)
  A ball python (D:1)
  5 bats
  2 frilled lizards (D:1)
  4 kobolds
  3 rats (D:1)
30 creatures vanquished.

Notes
Turn   | Place    | Note
-------+----------+-------------------------------------------
     0 | D:1      | Kairos the Barachi Skald began the quest for the Orb.
     0 | D:1      | Reached XP level 1. HP: 17/17 MP: 3/3
    69 | D:1      | Reached XP level 2. HP: 20/23 MP: 5/5
   378 | D:1      | HP: 1/23 [kobold (2)]
   869 | D:1      | Reached XP level 3. HP: 27/28 MP: 6/6
  1516 | D:2      | Slain by an adder

Vault maps used:
D:1:      tarquinn_simple_flora_water_a, serial_curves, eino_curves_01,
          eino_curves_03
D:2:      nemelex_xobeh_ov_fountains_minmay, lemuel_blue_sif_altar,
          hangedman_decor_push

Skill      XL: |  1  2  3 |
---------------+----------+-----
Dodging        | 3 |  3.0
Fighting       | |  2.7
Maces & Flails | |  2.8
Armour         | |  1.5
Spellcasting   | |  2.3
Charms         | |  3.5

Action                   || total
-------------------------++-------
Melee: Mace              ||   132
 Cast: Infusion          ||     1
  Eat: Ration            ||     1
Armor: Leather armour    ||    64
Dodge: Dodged            ||   151

Table legend:
 A = Spawn XP
 B = Non-spawn XP
 C = Spawn XP percentage of total XP
 D = Spawn monster count
 E = Non-spawn monster count
 F = Spawn count percentage of total count
 G = Total turns spent on level
                    A         B        C        D         E        F      G
               +---------+---------+-------+---------+---------+-------+---------
         Total |       0 |      57 |   0.0 |       0 |      30 |   0.0 |  1516
               +---------+---------+-------+---------+---------+-------+---------
           D:1 |       0 |      42 |   0.0 |       0 |      24 |   0.0 |  1419
           D:2 |       0 |      15 |   0.0 |       0 |       6 |   0.0 |    97
               +---------+---------+-------+---------+---------+-------+---------
